 Dungeon Crawl Stone Soup version 0.18-b1-22-ge198996 (webtiles) character file.

6040 SkaryMonk the Covert (level 10, -6/60 HPs)
             Began as an Octopode Assassin on May 3, 2016.
             Was a Priest of Dithmenos.
             Mangled by a porcupine (7 damage)
             ... on level 9 of the Dungeon.
             The game lasted 00:43:58 (11592 turns).

SkaryMonk the Covert (Octopode Assassin)           Turns: 11592, Time: 00:43:59

Health: -6/60      AC:  1    Str: 10    XL:     10   Next: 86%
Magic:  13/13      EV: 10    Int: 15    God:    Dithmenos [***...]
Gold:   304        SH:  0    Dex: 16    Spells: 0 memorised, 9 levels left

rFire  . . .     SeeInvis .     y - +0 dagger (venom)
rCold  . . .     Gourm    .     (no shield)
rNeg   . . .     Faith    .     (helmet restricted)
rPois  +         Spirit   .     G - amulet of rage
rElec  .         Dismiss  .     s - ring of flight
rCorr  .         Reflect  .     n - ring of poison resistance
SustAt .         Harm     .     (no ring)
MR     .....                    (no ring)
Stlth  +++++++++.               (no ring)
                                (no ring)
                                (no ring)
                                (no ring)

@: wreathed by umbra, not resistant to hostile enchantments, incredibly stealthy
A: almost no armour, amphibious, 8 rings, constrict 8, camouflage 1, gelatinous
body 1
a: Shadow Step, Renounce Religion, Evoke Berserk Rage, Evoke Flight


You were on level 9 of the Dungeon.
You worshipped Dithmenos.
Dithmenos was most pleased with you.
You were hungry.

You visited 2 branches of the dungeon, and saw 10 of its levels.

You collected 346 gold pieces.
You spent 42 gold pieces at shops.

Notes
Turn   | Place    | Note
--------------------------------------------------------------
     0 | D:1      | SkaryMonk the Octopode Assassin began the quest for the Orb.
     0 | D:1      | Reached XP level 1. HP: 14/14 MP: 1/1
   115 | D:1      | Reached XP level 2. HP: 17/19 MP: 2/2
   562 | D:1      | Reached XP level 3. HP: 24/24 MP: 3/3
  1637 | D:2      | Noticed Crazy Yiuf
  1641 | D:2      | Killed Crazy Yiuf
  1641 | D:2      | Reached XP level 4. HP: 29/29 MP: 4/4
  1772 | D:3      | Reached skill level 5 in Short Blades
  1772 | D:3      | Reached XP level 5. HP: 13/34 MP: 5/5
  1843 | D:3      | Noticed skk's ghost (amateur GrFi)
  2144 | D:3      | Noticed Sigmund
  2162 | D:3      | Killed Sigmund
  2162 | D:3      | Reached XP level 6. HP: 25/39 MP: 6/6
  3070 | D:4      | Noticed Grinder
  3110 | D:4      | Reached XP level 7. HP: 45/45 MP: 7/7
  3443 | D:4      | Found Veisch's Distillery.
  3448 | D:4      | Bought a potion of curing for 42 gold pieces
  3715 | D:5      | Entered Level 5 of the Dungeon
  3727 | D:5      | Noticed Blork the orc
  3731 | D:5      | Killed Blork the orc
  3915 | D:5      | Found a staircase to the Ecumenical Temple.
  3940 | Temple   | Entered the Ecumenical Temple
  4219 | Temple   | Became a worshipper of Dithmenos the Shadowed
  4514 | D:5      | Reached XP level 8. HP: 40/50 MP: 8/8
  4924 | D:5      | Noticed Menkaure
  4975 | D:5      | Killed Menkaure
  5191 | D:6      | Reached skill level 10 in Short Blades
  5283 | D:6      | Reached * piety under Dithmenos
  5340 | D:6      | Found a glowing golden altar of the Shining One.
  5340 | D:6      | Found an opulent altar of Gozag.
  5341 | D:6      | Found a basalt altar of Yredelemnul.
  5800 | D:6      | Found Guppoy's Armour Emporium.
  6048 | D:6      | Reached skill level 5 in Dodging
  6048 | D:6      | Reached XP level 9. HP: 39/54 MP: 9/9
  7024 | D:7      | Reached ** piety under Dithmenos
  7295 | D:7      | Reached skill level 10 in Stealth
  7372 | D:7      | Reached skill level 1 in Evocations
  7843 | D:8      | Noticed a queen bee
  7974 | D:8      | Reached skill level 5 in Evocations
  8008 | D:7      | Reached skill level 1 in Invocations
  8008 | D:7      | Reached XP level 10. HP: 42/60 MP: 13/13
  8963 | D:8      | Reached *** piety under Dithmenos
  9276 | D:8      | Reached skill level 5 in Invocations
  9865 | D:8      | Found a stormy altar of Qazlal.
  9977 | D:9      | Found a snail-covered altar of Cheibriados.
 10344 | D:9      | Reached skill level 5 in Throwing
 10665 | D:9      | Found a staircase to the Lair.
 10720 | D:9      | HP: 1/60 [porcupine (4)]
 11446 | D:9      | Found an oddly glowing altar of Pakellas.
 11592 | D:9      | HP: 1/60 [yak (16)]
 11592 | D:9      | Mangled by a porcupine

Inventory:

Hand Weapons
 a - a +2 dagger
 b - a +0 blowgun
 y - a +0 dagger of venom (weapon)
 A - a +2 short sword of freezing
Missiles
 c - 21 poisoned needles
 d - 6 curare-tipped needles
 x - a throwing net (quivered)
Jewellery
 j - a cursed ring of teleportation {unknown}
 n - a ring of poison resistance (right tentacle)
 s - a ring of flight (left tentacle)
 D - an uncursed ring of fire
 G - an amulet of rage (around mantle)
Scrolls
 e - a scroll of noise {unknown}
 k - 5 scrolls of recharging
 l - 4 scrolls of amnesia
 o - a scroll of blinking
 t - a scroll of enchant armour {unknown}
 v - 2 scrolls of random uselessness {unknown}
 C - 2 scrolls of immolation {unknown}
 E - 4 scrolls of teleportation {unknown}
 F - 2 scrolls of magic mapping {unknown}
 H - 3 scrolls of remove curse
 I - a scroll of acquirement {unknown}
Potions
 h - a potion of invisibility {unknown}
 m - a potion of might {unknown}
 p - 2 potions of curing
 q - 2 potions of agility {unknown}
 r - 3 potions of magic
 u - a potion of flight {unknown}
 w - a potion of brilliance {unknown}
 z - 3 potions of cancellation {unknown}
Books
 B - a book of the Sky

   Spells                             Type                      Level
   a - Summon Lightning Spire         Summoning/Air                4
   b - Airstrike                      Air                          4
   c - Silence                        Hexes/Air                    5
   d - Deflect Missiles               Charms/Air                   6
   e - Conjure Ball Lightning         Conjuration/Air              6
   f - Tornado                        Air                          9
Comestibles
 f - 5 bread rations
 g - 7 royal jellies
 i - 6 meat rations
 J - a chunk of flesh

Table legend:
 A = Turns spent in this place as a percentage of turns spent in the entire game.
 B = Non-inter-level travel turns spent in this place as a percentage of non-inter-level travel turns spent in the entire game.
 C = Inter-level travel turns spent in this place as a percentage of turns spent in this place.
 D = Turns resting spent in this place as a percentage of non-inter-level travel turns spent in this place.
 E = Turns spent auto-exploring this place as a percentage of non-inter-level travel turns spent in this place.
 F = Non-inter-level travel turns spent in this place divided by the number of levels of this place that you've seen.
                   A       B       C       D       E      F
               +-------+-------+-------+-------+-------+----------------------
         Total | 100.0 | 100.0 |   0.7 |   4.3 |   8.3 | 289.4
       Dungeon |  99.1 |  99.2 |   0.7 |   4.3 |   7.8 | 318.9
        Temple |   0.9 |   0.8 |   7.7 |   0.0 |  66.7 |  24.0
               +-------+-------+-------+-------+-------+----------------------


   Skills:
 - Level 2.0 Fighting
 - Level 10.0 Short Blades
 + Level 7.1 Throwing
 - Level 5.3 Dodging
 - Level 10.3 Stealth
 - Level 5.0 Invocations
 - Level 5.0 Evocations


You had 9 spell levels left.
You didn't know any spells.

Dungeon Overview and Level Annotations

Branches:
Dungeon (9/15)             Temple (1/1) D:5            Lair (0/8) D:9
    Orc: D:9-12

Altars:
Ashenzari
Cheibriados
Dithmenos
Elyvilon
Fedhas
Gozag
Kikubaaqudgha
Makhleb
Nemelex Xobeh
Okawaru
Pakellas
Qazlal
Ru
Sif Muna
Trog
Vehumet
Xom
Yredelemnul
Zin
The Shining One

Shops:
D:4 !   D:6 [

Annotations:
D:3 skk's ghost, amateur GrFi
D:4 Grinder


Innate Abilities, Weirdness & Mutations

You cannot wear most types of armour.
You are amphibious.
You can wear up to eight rings at the same time.
You can use your tentacles to constrict eight enemies at once.
Your skin changes colour to match your surroundings (Stealth).
Your rubbery body absorbs attacks (AC +1).


Message History

You hit the yak but do no damage.
The yak is lightly wounded.
You hit the yak but do no damage.
The yak is moderately wounded.
The yak closely misses you.
You hit the yak. Your squeeze misses the yak.
The yak is moderately wounded.
The porcupine closely misses you.
You kill the yak!
Dithmenos accepts your kill.
Your Throwing skill increases to level 7!
The porcupine bites you! The porcupine closely misses you.
The porcupine bites you!
* * * LOW HITPOINT WARNING * * *
There is a stone staircase leading up here.
The yak gores you!
* * * LOW HITPOINT WARNING * * *
The porcupine bites you!
You die...

#.........# #..........
##.#....รท..# #..........
#..###.....# #..(.......
##.###......# ###########
#...........## ##............###
##...###.).Y.....#### #####
######..####....Yr.......####....
........# #..(.@....###.........
........# #.........# ##........
......<.# #..(.(....# #........
........# #.........# ##........
.(....#.####.........# #.........
....###..##..........# #.........
##### ##..#.........## #.........
##.#........## ##.........
##.......### #.........#


You could see 2 yaks and a porcupine.

Table legend:
 A = Kills in this place as a percentage of kills in entire the game.
 B = Kills by you in this place as a percentage of kills by you in the entire game.
 C = Kills by friends in this place as a percentage of kills by friends in the entire game.
 D = Other kills in this place as a percentage of other kills in the entire game.
 E = Experience gained in this place as a percentage of experience gained in the entire game.
 F = Experience gained in this place divided by the number of levels of this place that you have seen.
                   A       B       C       D       E      F
               +-------+-------+-------+-------+-------+----------------------
         Total | 100.0 | 100.0 |  -nan |  -nan | 100.0 | 862.9
       Dungeon | 100.0 | 100.0 |  -nan |  -nan | 100.0 | 958.8
               +-------+-------+-------+-------+-------+----------------------

Vanquished Creatures
  A queen bee (D:8)
  Sigmund (D:3)
  A yak (D:9)
  2 hippogriffs
  2 hungry ghosts
  A basilisk (D:9)
  Menkaure (D:5)
  2 porcupines (D:9)
  2 water moccasins
  An orc warrior (D:9)
  An ice beast (D:5)
  2 black bears
  7 ogres
  An eye of draining (D:9)
  A phantom (D:6)
  6 centaurs
  A crocodile (D:9)
  A big kobold (D:8)
  A giant frog (D:9)
  Blork the orc (D:5)
  A gnoll sergeant (D:5)
  2 scorpions (D:5)
  A wight (D:7)
  19 killer bees
  5 howler monkeys (D:7)
  2 crimson imps
  A centaur zombie (D:5)
  A giant frog zombie (D:8)
  2 jellies (D:7)
  6 hounds
  5 orc priests
  7 orc wizards
  Crazy Yiuf (D:2)
  3 iguanas
  5 worker ants
  A howler monkey skeleton (D:8)
  A worker ant zombie (D:6)
  7 gnolls
  2 adders (D:6)
  3 river rats (D:9)
  A shadow imp (D:8)
  2 oozes
  An adder skeleton (D:4)
  4 dart slugs
  3 worms
  4 giant geckos
  27 orcs
  7 giant cockroaches
  9 goblins
  7 hobgoblins
  17 jackals
  2 quokkas
  7 bats
  A giant newt (D:3)
  A jackal zombie (D:4)
  19 kobolds
  14 rats
  A fungus (D:2)
238 creatures vanquished.

Vanquished Creatures (others)
  A plant (D:9)
1 creature vanquished.

Grand Total: 239 creatures vanquished

Action                   |  1- 3 |  4- 6 |  7- 9 | 10-12 || total
-------------------------+-------+-------+-------+-------++-------
Melee: Dagger            |    76 |    56 |   204 |    48 ||   384
       Constrict         |    12 |    16 |    44 |    39 ||   111
       Tentacles         |     6 |    10 |    63 |    39 ||   118
       Short sword       |       |       |   125 |   190 ||   315
 Fire: Blowgun           |       |     6 |     1 |    18 ||    25
Throw: Throwing net      |       |     2 |     2 |     3 ||     7
  Use: Scroll            |     3 |       |     5 |     1 ||     9
       Potion            |       |       |     3 |     1 ||     4
 Stab: Sleeping          |    25 |     8 |    27 |     7 ||    67
       Distracted        |       |       |     4 |     2 ||     6
       Held in net/web   |       |       |       |     2 ||     2
  Eat: Chunk             |     2 |     5 |    15 |     4 ||    26
       Beef jerky        |       |       |     1 |     1 ||     2
       Pizza             |       |       |     1 |       ||     1
       Meat ration       |       |       |       |     1 ||     1
       Bread ration      |       |       |       |     1 ||     1
Armor: Skin              |       |     1 |    16 |     6 ||    23
Dodge: Dodged            |    22 |    21 |   165 |   172 ||   380

Vault maps used:
D:1:      evilmike_arrival_run_for_it
D:2:      uniq_crazy_yiuf_cottage
D:3:      first_bread, serial_bayou_lagoon_a, uniq_sigmund
D:4:      serial_shops, shop, uniq_grinder
D:5:      lemuel_ice_spiral_2, minmay_temple_entry_mist, uniq_menkaure,
          uniq_blork_the_orc
D:6:      gammafunk_temple_overflow_forgotten, serial_shops,
          kennysheep_mini_moat, minmay_unpleasant_kobolds
D:8:      nicolae_qazlal_eye_of_the_storm, st_stairs_9, david_nohive_1,
          item_on_display_a
D:9:      lemuel_round_altar, grunt_pakellas_basics, minmay_lair_entry_grove
Temple:   hc_temple_tempest_star
